 Dungeon Crawl Stone Soup version 0.24.1 (webtiles) character file.

Game seed: 9623811746113305585, levelgen mode: deterministic

1056 Oxidus the Spear-Bearer (level 8, -5/61 HPs)
             Began as a Merfolk Fighter on Mar 26, 2020.
             Was a Believer of Uskayaw.
             Slain by a two-headed ogre
             ... wielding a +0 giant club
              (17 damage)
             ... on level 8 of the Dungeon.
             The game lasted 00:24:07 (3047 turns).

Oxidus the Spear-Bearer (Merfolk Fighter)           Turns: 3047, Time: 00:24:08

Health: -5/61      AC: 15    Str: 18    XL:     8   Next: 26%
Magic:  6/8        EV:  4    Int: 13    God:    Uskayaw [**....]
Gold:   122        SH: 10    Dex: 15    Spells: 7/7 levels left

rFire    + . .     SeeInvis .   a - +1 trident
rCold    . . .     Gourm    +   c - +0 shield
rNeg     . . .     Faith    .   d - +1 plate armour {rF+}
rPois    .         Spirit   .   (helmet restricted)
rElec    .         Reflect  .   s - +2 cloak
rCorr    .         Harm     .   (no gloves)
MR       .....                  (no boots)
Stlth    ..........             m - amulet of the gourmand
HPRegen  0.20/turn              k - ring of stealth
MPRegen  0.11/turn              (no ring)

@: brilliant
A: change form in water, swift swim, stealthy swim, horns 2, agile 1
a: Stomp, Line Pass, Renounce Religion


You were on level 8 of the Dungeon.
You worshipped Uskayaw.
Uskayaw was noncommittal.
You were completely stuffed.

You visited 1 branch of the dungeon, and saw 9 of its levels.

You collected 122 gold pieces.

Inventory:

Hand Weapons
 a - a +1 trident (weapon)
Missiles
 n - 6 curare-tipped darts (quivered)
Armour
 c - a +0 shield (worn)
 d - a +1 plate armour of fire resistance (worn)
 h - a +0 helmet
 s - a +2 cloak (worn)
Jewellery
 k - a ring of stealth (left hand)
 m - an amulet of the gourmand (around neck)
Scrolls
 i - 2 scrolls of remove curse
 v - a scroll of identify
Comestibles
 b - 5 chunks of flesh
 f - 8 rations


   Skills:
 + Level 4.8 Fighting
 + Level 8.9 Polearms
 + Level 3.4 Armour
 + Level 2.1 Dodging
 + Level 1.0 Stealth
 + Level 5.8 Shields


You had 7 spell levels left.
You didn't know any spells.
Your spell library was empty.

Dungeon Overview and Level Annotations

Branches:
Dungeon (9/15)
 Temple: D:4-7         Lair: D:8-11         Orc: D:9-12

Altars:
Uskayaw
Yredelemnul


Innate Abilities, Weirdness & Mutations

You revert to your normal form in water.
You are very nimble and swift while swimming.
You are very stealthy in the water. (Stealth+)
You have a pair of horns on your head.
You are agile. (Dex +2)


Message History

The hound is no longer paralysed.
The two-headed ogre is no longer paralysed.
You block the hound's attack.
The jackal is no longer paralysed.
You block the hound's attack. The hound bites you but does no damage.
You feel clever all of a sudden.
The jackal bites you but does no damage.
The hound barely misses you.
Okay, then.
You block the hound's attack. The hound bites you but does no damage.
You block the jackal's attack.
You puncture the jackal!
You kill the jackal!
You block the hound's attack. You block the hound's attack.
You see here a jackal corpse.
You puncture the hound!
The hound is heavily wounded.
The two-headed ogre hits you with a +0 giant club!
You die...

*,,,,....,******#...# *,
*****#.#.########...# **
#.#...aO...#...# ####
******#.....####.#...# #..>
#......##...# #.#...### #.T.
#.......#...# #.......# #?..
#.....Y.#...####a#...#.#####...
#...........##.O....<#.........
*..S....#.#.##@#.#...#....##...
*,......#.#.##.h.#...#.........
#####S#.#,#.#.######..(#.##......
.S..Sa#.#.#.#.# #...#.##......
#####l....#,#.# ###........##.
..#.........#.# #....###.#*.
#.#.##......#.# #.........,,
#.#.##....#.#.# #.....##.#**
#.#....>..#.#.# #.....#*,*,,


You could see a two-headed ogre, a hound and a worker ant.

Vanquished Creatures
  A troll (D:8)
  2 sky beasts (D:8)
  A necrophage (D:6)
  A centaur (D:8)
  A big kobold (D:8)
  A bullfrog (D:8)
  2 jellies
  A bullfrog skeleton (D:7)
  A centaur skeleton (D:9)
  An iguana (D:8)
  3 worker ants
  4 adders
  A worm (D:2)
  5 dart slugs
  A leopard gecko (D:6)
  6 orcs
  A ball python (D:8)
  6 giant cockroaches
  6 goblins (D:1)
  6 hobgoblins
  12 jackals
  8 kobolds
  2 quokkas
  7 bats
  A frilled lizard (D:1)
81 creatures vanquished.

Notes
Turn   | Place    | Note
-------+----------+-------------------------------------------
     0 | D:1      | Oxidus the Merfolk Fighter began the quest for the Orb.
     0 | D:1      | Reached XP level 1. HP: 18/18 MP: 1/1
    62 | D:1      | Reached XP level 2. HP: 14/24 MP: 2/2
   409 | D:1      | Reached XP level 3. HP: 29/29 MP: 3/3
   511 | D:2      | Reached skill level 4 in Polearms
   786 | D:2      | Noticed a -2 hand axe
   787 | D:2      | Noticed a +0 dagger
   790 | D:2      | Found a hide-covered altar of Uskayaw.
   809 | D:2      | Became a worshipper of Uskayaw the Reveler
   832 | D:2      | Reached * piety under Uskayaw
   852 | D:2      | Reached ** piety under Uskayaw
   853 | D:2      | Reached XP level 4. HP: 29/37 MP: 4/4
   973 | D:2      | Reached *** piety under Uskayaw
  1503 | D:4      | Reached skill level 5 in Polearms
  1550 | D:5      | Entered Level 5 of the Dungeon
  1648 | D:6      | Noticed a necrophage
  1667 | D:6      | Killed a necrophage
  1667 | D:6      | Reached XP level 5. HP: 33/42 MP: 5/5
  1918 | D:8      | Noticed a sky beast
  1949 | D:8      | Noticed a two-headed ogre
  2110 | D:7      | Reached skill level 6 in Polearms
  2110 | D:7      | Reached XP level 6. HP: 45/48 MP: 6/6
  2269 | D:9      | Reached skill level 7 in Polearms
  2454 | D:9      | Noticed a troll
  2516 | D:8      | Found a basalt altar of Yredelemnul.
  2527 | D:8      | HP: 2/48 [poisoned by an adder]
  2528 | D:8      | Gained mutation: You have a pair of small horns on your
                  | head. [potion of mutation]
  2528 | D:8      | Gained mutation: You have a pair of horns on your head.
                  | [potion of mutation]
  2528 | D:8      | Gained mutation: You are agile. (Dex +2) [potion of
                  | mutation]
  2538 | D:8      | Reached XP level 7. HP: 14/54 MP: 3/7
  2652 | D:8      | Reached skill level 5 in Shields
  2660 | D:8      | Reached **** piety under Uskayaw
  2661 | D:8      | Reached skill level 8 in Polearms
  2661 | D:8      | Reached skill level 1 in Dodging
  2666 | D:8      | Reached ***** piety under Uskayaw
  3022 | D:8      | Reached XP level 8. HP: 47/61 MP: 8/8
  3032 | D:8      | Killed a troll
  3032 | D:8      | Reached skill level 1 in Stealth
  3047 | D:8      | Slain by a two-headed ogre

Levels and vault maps discovered:
D:1:      erik_arrival_blinker_ship, layout_rooms
D:2:      layout_basic, dancing_weapons_uskayaw, ebering_dispersal_statue_hall
D:3:      layout_loops_ring, lemuel_crystal_altar, first_ration
D:4:      layout_cave_pools, kennysheep_mini, okawaru_trees_2,
          minmay_temple_entry_mist, cheibrodos_sewer_entry_sluice,
          grunt_ministairs_14
D:5:      layout_rooms, lemuel_coloured_pillars_altar, basic_altar,
          serial_shops, shop
D:6:      kennysheep_housing_project, layout_basic, minitemple, serial_shops,
          shop, uniq_sigmund
D:7:      layout_loops_ring, nicolae_gozag_cash_rules_everything_around_me
D:8:      layout_basic, kennysheep_little_box
D:9:      layout_irregular_city, erik_lair_dragon, hangedman_fish_farm,
          uniq_joseph, uniq_gastronok

Skill      XL: |  1  2  3  4  5  6  7  8 |
---------------+-------------------------+-----
Polearms       | 4 5 6 7 8 |  8.9
Fighting       | 4 |  4.8
Shields        | 4 5 |  5.8
Armour         | 3 |  3.4
Dodging        | 1 2 |  2.1
Stealth        | 1 |  1.0

Action                   |  1- 3 |  4- 6 |  7- 9 || total
-------------------------+-------+-------+-------++-------
Melee: Trident           |   143 |   254 |    90 ||   487
       Headbutt          |       |     1 |    19 ||    20
Invok: Stomp             |       |     1 |     2 ||     3
  Use: Potion            |     1 |     5 |     4 ||    10
       Scroll            |       |     2 |     4 ||     6
 Stab: Paralysed         |       |     2 |     2 ||     4
  Eat: Chunk             |       |    17 |     2 ||    19
Armor: Scale mail        |    13 |       |       ||    13
       Plate armour      |    81 |   177 |    64 ||   322
Dodge: Dodged            |    14 |    35 |    10 ||    59
Block: Shield            |    66 |   139 |    63 ||   268
